Map: Ancient Cistern LE

Players

ZoRo - Winner!

  • Race: Zerg Zerg
  • League: Master
  • Spawn Location: 1:00

Ursus

  • Race: Zerg Zerg
  • League: Master
  • Spawn Location: 7:00

VOD

Have the link to the VOD?

Description

Time

  • Played on: June 6, 2023, 3:24 a.m.
  • Length: 5:44
Show
View Real Time Build Order
Export as new Build Order

ZoRo Zerg - Winner!

Build Orders: Hatch First 

Get SALT Encoding   

  12  0:00  Drone  
  13  0:12  Overlord  
  13  0:17  Drone  
  14  0:30  Drone  
  14  0:31  Drone  
  16  0:48  Hatchery  
  15  0:52  Drone  
  15  0:57  Drone  
  17  0:58  Drone  
  18  1:11  Extractor  
  17  1:15  Spawning Pool  
  17  1:17  Drone  
  17  1:20  Drone  
  18  1:28  Drone  
  19  1:41  Overlord  
  19  1:57  Drone  
  20  2:01  Queen x2  
  20  2:02  Zergling x4  
  26  2:10  Drone  
  26  2:11  Drone  
  26  2:12  Metabolic Boost  
  28  2:22  Drone x2  
  30  2:36  Hatchery  
  29  2:42  Baneling Nest  
  28  2:44  Drone  
  28  2:47  Drone  
  29  2:52  Overlord  
  29  2:55  Drone  
  29  2:57  Drone  
  31  3:03  Drone  
  31  3:04  Drone  
  33  3:06  Drone  
  33  3:11  Drone x2  
  36  3:13  Drone  
  36  3:15  Drone  
  36  3:17  Drone  
  39  3:25  Extractor  
  38  3:28  Roach Warren  
  38  3:31  Overlord  
  37  3:34  Overlord  
  37  3:37  Overlord  
  37  4:09  Roach x10  
  57  4:10  Roach  
  57  4:12  Roach  
  57  4:16  Roach  
  63  4:18  Roach  
  63  4:21  Roach  
  67  4:24  Overlord  
  67  4:28  Zergling x2  
  67  4:30  Zergling x2  
  67  4:31  Zergling x2  
  70  4:37  Zergling x6  
  73  4:40  Overlord  
  73  4:47  Zergling x6  
  73  4:48  Zergling x2  
  77  4:53  Zergling x4  
  77  4:57  Zergling x4  
  81  5:01  Ravager x2  
  81  5:02  Ravager  
  84  5:07  Zergling x6  
  83  5:15  Zergling x8  
  83  5:16  Zergling x2  
  83  5:18  Zergling x2  
  82  5:26  Zergling x8  
Show
View Real Time Build Order
Export as new Build Order

Ursus Zerg 

Build Orders: Hatch First, Zergling Baneling 

Get SALT Encoding   

  12  0:00  Drone  
  13  0:12  Overlord  
  13  0:17  Drone  
  14  0:31  Drone x2  
  16  0:47  Hatchery  
  15  0:51  Drone  
  15  0:55  Drone  
  17  0:58  Drone  
  18  1:09  Extractor  
  17  1:13  Spawning Pool  
  17  1:16  Drone  
  17  1:20  Drone  
  18  1:28  Drone  
  19  1:48  Drone  
  19  1:49  Drone  
  21  2:00  Queen x2  
  25  2:01  Overlord  
  25  2:02  Zergling x2  
  26  2:10  Drone  
  26  2:11  Drone  
  26  2:13  Metabolic Boost  
  28  2:21  Drone  
  28  2:22  Zergling x2  
  30  2:33  Drone x2  
  30  2:36  Baneling Nest  
  31  2:37  Queen  
  33  2:44  Overlord  
  33  2:45  Drone  
  34  2:57  Overlord  
  34  3:00  Zergling x2  
  34  3:05  Drone x2  
  37  3:10  Drone x5  
  42  3:18  Drone x3  
  45  3:22  Baneling x2  
  44  3:31  Zergling x2  
  45  3:34  Hatchery  
  45  3:36  Drone  
  45  3:40  Baneling  
  45  3:43  Drone x5  
  50  3:50  Lair  
  50  3:52  Extractor  
  50  3:54  Extractor, Zergling x2  
  49  3:56  Drone x2  
  49  3:57  Baneling  
  51  4:05  Zergling x2  
  51  4:07  Overlord x2  
  52  4:12  Extractor  
  52  4:16  Roach Warren  
  50  4:20  Drone  
  51  4:29  Drone, Zergling x2  
  51  4:30  Drone x6  
  58  4:44  Zergling x4  
  60  4:47  Spine Crawler  
  60  4:49  Spine Crawler  
  60  4:50  Baneling x7, Spine Crawler  
  57  4:54  Zergling x2  
  57  4:55  Zergling x4  
  60  5:02  Zergling x2  
  60  5:03  Zergling x6  
  60  5:17  Zergling x16  
  60  5:19  Roach  
Tags
 
Add a new tag
Caveats
  • Supply blocks, unpowered buildings, or Contaminate may cause inaccurate times.
  • Supply counts are checked every 10 seconds.